 Dungeon Crawl Stone Soup version 0.31.0-12-g77e489cdc1 (webtiles) character file.

Game seed: 6688968334919160499

582 cdecastro the Cudgeller (level 7, -1/53 HPs)
             Began as an Armataur Warper on Feb 28, 2024.
             Was a Believer of Nemelex Xobeh.
             Slain by a black bear (6 damage)
             ... on level 4 of the Dungeon.
             The game lasted 00:08:35 (4060 turns).

cdecastro the Cudgeller (Armataur Warper)           Turns: 4060, Time: 00:08:36

Health: -1/53      AC:  9    Str: 18    XL:     7   Next: 14%
Magic:  9/9        EV:  7    Int: 13    God:    Nemelex Xobeh [**....]
Gold:   192        SH:  0    Dex: 10    Spells: 9/9 levels left

rFire   . . .        a - +0 mace
rCold   + . .        (no shield)
rNeg    . . .        n - +1 scale mail {rC+}
rPois   .            b - +1 helmet
rElec   .            (no cloak)
rCorr   .            (no gloves)
SInv    .            (no barding)
Will    .....        (no amulet) Stlth
                     (no ring)
HPRegen 0.28/turn    (no ring)
MPRegen 0.11/turn

%: roll
@: no status effects
A: large, deformed body, tough skin 3, armoured tail, roll 2
a: Renounce Religion, Draw Escape, Draw Destruction, Draw Summoning


You were on level 4 of the Dungeon.
You worshipped Nemelex Xobeh.
Nemelex Xobeh was pleased with you.
You visited 2 branches of the dungeon, and saw 5 of its levels.
You also visited: Sewer.

You collected 192 gold pieces.

Inventory:

Hand Weapons
 a - a +0 mace (weapon)
Missiles
 d - 7 darts of dispersal
 g - 2 curare-tipped darts
 m - 9 poisoned darts (quivered)
 q - a boomerang
Armour
 b - a +1 helmet (worn)
 n - a +1 scale mail of cold resistance (worn)
Jewellery
 r - a +6 ring of intelligence
Scrolls
 c - 4 scrolls of blinking
 e - 2 scrolls of teleportation {unknown}
 f - 5 scrolls of identify {unknown}
 i - a scroll of enchant armour {unknown}
 j - a scroll of amnesia {unknown}
 l - a scroll of poison {unknown}
 p - a scroll of fear {unknown}
 s - 3 scrolls of fog {unknown}
 t - a scroll of silence {unknown}
Potions
 h - a potion of attraction {unknown}
 k - a potion of curing
 o - a potion of cancellation {unknown}


   Skills:
 - Level 1.7 Fighting
 * Level 6.1 Maces & Flails
 - Level 0.8 Throwing
 - Level 1.2 Armour
 - Level 1.3 Dodging
 - Level 1.7 Spellcasting
 - Level 3.0 Translocations
 + Level 3.9 Invocations


You had 9 spell levels left.
You didn't know any spells.
Your spell library contained the following spells:

 Spells                   Type           Power      Damage    Failure   Level
 Blink                    Tloc           16%        N/A       36%         2
 Lesser Beckoning         Tloc           16%        N/A       36%         2
 Teleport Other           Tloc           8%         N/A       58%         3
 Manifold Assault         Tloc           8%         N/A       94%         4
 Vhi's Electric Charge    Tloc/Air       10%        N/A       99%         4


Dungeon Overview and Level Annotations

Branches:
Dungeon (4/15)             Temple (1/1) D:4           Sewer (visited)

Altars:
Ashenzari
Dithmenos
Fedhas
Gozag
Hepliaklqana
Nemelex Xobeh
Qazlal
Sif Muna
Trog
Uskayaw
Vehumet
Wu Jian
The Shining One


Innate Abilities, Weirdness & Mutations

Armour fits poorly on your strangely shaped body.
You have extremely tough skin. (AC +3)
You have a long armoured tail.
You regenerate magic and health when rolling toward enemies. (Rampage Regen)


Message History

The black bear bites you but does no damage.
The black bear claws you but does no damage. x2
You barely miss the black bear.
The black bear is severely wounded.
The black bear goes berserk!
You hit the black bear.
The black bear is severely wounded.
The black bear bites you! The black bear claws you.
The black bear claws you but does no damage.
The black bear bites you! The black bear completely misses you.
The black bear closely misses you.
You barely miss the black bear.
The black bear is severely wounded.
The black bear barely misses you.
The black bear claws you but does no damage.
The black bear barely misses you.
You hit the black bear.
The black bear is almost dead.
The black bear bites you but does no damage.
The black bear claws you but does no damage. x2
The black bear bites you!
* * * LOW HITPOINT WARNING * * *
The black bear barely misses you.
The black bear claws you but does no damage.
You barely miss the black bear.
The black bear is almost dead.
The black bear bites you.
* * * LOW HITPOINT WARNING * * *
The black bear claws you but does no damage.
The black bear claws you.
* * * LOW HITPOINT WARNING * * *
You barely miss the black bear.
The black bear is almost dead.
The black bear bites you but does no damage.
The black bear barely misses you. The black bear closely misses you.
The black bear bites you!
* * * LOW HITPOINT WARNING * * *
The black bear claws you.
You die...
Your body glows slightly and disappears.

## # #.... ############
####.#.#
#..........######.......
...(((h@..........#.#.#.
#..........####.##......
#.....)....####....#...#
#..........†.....#......
#..........###.#.....>..
###.##########...#......
#> ............#...#
##############........
#................#.#.


You could see a black bear (berserk, poisoned).

Vanquished Creatures
  An ogre (D:4)
  2 bullfrogs (Sewer)
  2 hounds
  Terence (D:2)
  Jessica (D:2)
  An iguana (D:3)
  Robin (D:1)
  10 adders
  8 dart slugs (Sewer)
  4 orcs
  10 endoplasms
  10 giant cockroaches
  14 goblins
  6 hobgoblins
  17 ball pythons
  4 bats
  13 frilled lizards
  14 kobolds
  5 rats
124 creatures vanquished.

Notes
Turn   | Place    | Note
-------+----------+-------------------------------------------
     0 | D:1      | cdecastro the Armataur Warper began the quest for the Orb.
     0 | D:1      | Reached XP level 1. HP: 17/17 MP: 3/3
   188 | D:1      | Reached skill level 2 in Maces & Flails
   198 | D:1      | Found a faded altar of an unknown god.
   254 | D:1      | Reached XP level 2. HP: 22/24 MP: 4/4
   736 | D:1      | Reached skill level 3 in Maces & Flails
   944 | D:1      | Prayed at the altar of an unknown god.
   944 | D:1      | Became a worshipper of Nemelex Xobeh the Trickster
   944 | D:1      | Reached * piety under Nemelex Xobeh
  1074 | D:2      | Noticed Robin
  1088 | D:1      | Killed Robin
  1089 | D:1      | Reached XP level 3. HP: 13/29 MP: 5/5
  1263 | D:2      | Reached skill level 1 in Invocations
  1344 | D:2      | Reached XP level 4. HP: 35/36 MP: 6/6
  1449 | D:2      | Received a gift from Nemelex Xobeh
  1727 | D:2      | Noticed Jessica
  1736 | D:2      | Killed Jessica
  1737 | D:2      | Reached skill level 4 in Maces & Flails
  1854 | D:2      | Noticed Terence
  1866 | D:2      | Killed Terence
  1867 | D:2      | Reached XP level 5. HP: 36/41 MP: 7/7
  2029 | D:3      | Reached ** piety under Nemelex Xobeh
  2197 | D:3      | Found a glowing drain.
  2232 | Sewer    | Entered a sewer
  2548 | Sewer    | Reached skill level 5 in Maces & Flails
  2594 | Sewer    | Reached XP level 6. HP: 48/48 MP: 8/8
  3662 | D:4      | Found an ornate altar of the Wu Jian Council.
  3766 | D:4      | Reached skill level 6 in Maces & Flails
  3766 | D:4      | Gained mutation: You regenerate magic and health when
                  | rolling toward enemies. (Rampage Regen) [Armataur growth]
  3766 | D:4      | Reached XP level 7. HP: 19/53 MP: 9/9
  3934 | D:4      | Found a staircase to the Ecumenical Temple.
  3992 | Temple   | Entered the Ecumenical Temple
  4060 | D:4      | Slain by a black bear

Illustrated notes

Levels and vault maps discovered:
D:1:      doesnt_arrival_eight_statues, layout_loops_ring,
          shapermc_ecumenical_altar_notcrosses, lexackson_kobold_supper
D:2:      layout_rooms, kennysheep_generic_room_12, uniq_robin, uniq_jessica,
          uniq_terence
D:3:      layout_basic, portal_sewer_entry_d, eino_tiny_chamber,
          hangedman_decor_clover_reticule
D:4:      layout_basic, nzn_wu_jian_contemplation,
          minmay_temple_entry_sparse_star, uniq_grinder
Temple:   nicolae_temple_slightly_damp_pantheon

Skill      XL: |  1  2  3  4  5  6 |
---------------+-------------------+-----
Maces & Flails | 2 3 4 5 6 |  6.1
Invocations    | 1 2 3 |  3.9
Fighting       | |  1.7
Throwing       | |  0.8
Armour         | |  1.2
Dodging        | |  1.3
Spellcasting   | |  1.7
Translocations | |  3.0

Action                     |  1- 3 |  4- 6 |  7- 9 || total
---------------------------+-------+-------+-------++-------
  Melee: Mace              |   117 |   259 |    34 ||   410
         Tailslap          |     9 |    22 |     3 ||    34
         Punch             |       |     3 |     1 ||     4
  Throw: Dart              |       |     4 |     4 ||     8
    Use: Potion            |       |     2 |       ||     2
   Stab: Sleeping          |     1 |       |       ||     1
 Armour: Leather armour    |    46 |       |       ||    46
         Scale mail        |    62 |    82 |    45 ||   189
         Chain mail        |       |   155 |       ||   155
  Dodge: Dodged            |    48 |    82 |    19 ||   149
